Map: Colline di Doraelus

Players

Mørtebianca - Winner!

  • Race: Zerg Zerg
  • League: Diamond

LaWeedaLoca - Winner!

  • Race: Zerg Zerg
  • League: Master

Jhyrachy - Winner!

  • Race: Zerg Zerg
  • League: Silver

Laura

  • Race: Terran Terran

Axonyx

  • Race: Terran Terran

Terratec

  • Race: Terran Terran

VOD

Have the link to the VOD?

Description

Time

  • Played on: Dec. 17, 2015, 7:11 p.m.
  • Length: 12:04
Show
View Real Time Build Order
Export as new Build Order

Mørtebianca Zerg - Winner!

Build Orders: 3 Hatch before Pool 

Get SALT Encoding   

  12  0:01  Drone  
  13  0:11  Drone  
  14  0:16  Overlord  
  14  0:35  Drone x3  
  17  0:55  Hatchery  
  16  0:58  Drone  
  16  1:00  Drone  
  18  1:11  Drone  
  19  1:18  Extractor  
  18  1:25  Hatchery  
  17  1:38  Spawning Pool  
  16  1:42  Drone  
  16  1:44  Drone  
  18  1:48  Drone  
  19  2:01  Drone  
  20  2:07  Drone x2  
  22  2:14  Overlord  
  22  2:20  Drone  
  23  2:24  Metabolic Boost  
  23  2:27  Drone  
  23  2:29  Extractor  
  23  2:30  Drone  
  23  2:36  Drone, Queen  
  27  2:39  Drone  
  28  2:45  Drone  
  28  2:47  Drone  
  28  2:49  Drone  
  28  2:51  Drone  
  32  2:57  Drone  
  33  3:09  Lair  
  33  3:10  Drone x3  
  36  3:14  Drone x2  
  38  3:22  Drone x3  
  41  3:29  Drone  
  41  3:31  Baneling Nest  
  41  3:33  Evolution Chamber  
  41  3:34  Drone  
  41  3:35  Drone  
  41  3:36  Evolution Chamber  
  41  3:40  Drone  
  42  3:44  Overlord x2  
  42  3:50  Overlord  
  42  3:51  Overlord  
  42  3:53  Overlord  
  42  4:02  Overlord  
  42  4:03  Zerg Ground Armor Level 1, Zerg Melee Weapons Level 1  
  42  4:05  Zergling x2  
  42  4:06  Zergling x2  
  42  4:07  Zergling x2  
  42  4:09  Zergling x2  
  46  4:13  Drone  
  46  4:15  Infestation Pit  
  46  4:17  Queen  
  46  4:20  Drone  
  46  4:21  Extractor  
  46  4:22  Extractor, Drone  
  46  4:23  Drone  
  49  4:25  Drone  
  49  4:26  Drone  
  49  4:27  Drone  
  52  4:39  Centrifical Hooks  
  52  4:49  Queen  
  52  4:50  Drone x2  
  52  4:52  Drone x7  
  63  4:53  Drone x2  
  63  4:59  Hive  
  65  5:02  Extractor  
  65  5:03  Drone x2  
  65  5:04  Drone, Extractor  
  66  5:14  Drone x3  
  67  5:18  Baneling x3  
  67  5:19  Baneling x5  
  69  5:22  Drone x3  
  72  5:37  Overlord x4  
  72  5:38  Overlord x4  
  72  5:45  Pneumatized Carapace  
  72  5:59  Drone  
  73  6:06  Zerg Melee Weapons Level 2  
  73  6:07  Zerg Ground Armor Level 2  
  73  6:12  Ultralisk Cavern  
  73  6:17  Zergling x2  
  73  6:18  Zergling x22  
  84  6:26  Overlord x3  
  84  6:27  Overlord  
  84  6:44  Zergling x2  
  84  6:45  Zergling x8  
  89  6:51  Zergling x2  
  89  6:52  Zergling x12  
  96  6:58  Chitinous Plating  
  96  7:07  Baneling x2  
  96  7:08  Baneling x31  
  96  7:09  Baneling  
  96  7:10  Zergling x6  
  96  7:11  Zergling x6  
  102  7:21  Ultralisk  
  108  7:25  Overlord x4  
  103  7:39  Drone  
  103  7:40  Spore Crawler, Drone x4  
  103  7:41  Drone  
  108  7:46  Overseer  
  108  7:47  Overseer  
  108  7:51  Hatchery  
  108  7:58  Hatchery  
  104  8:05  Ultralisk x3  
  122  8:19  Ultralisk  
  128  8:20  Zergling x2  
  128  8:21  Zergling x22  
  132  8:35  Ultralisk  
  138  8:46  Ultralisk  
  144  8:50  Zerg Melee Weapons Level 3  
  102  9:16  Ultralisk  
  102  9:17  Ultralisk  
  114  9:18  Drone x10  
  124  9:30  Nydus Network  
  123  9:42  Overseer x2  
  123  9:43  Overseer x3  
  123  9:53  Extractor, Drone  
  123  9:54  Drone x2  
  123  9:55  Drone x4  
  123  9:57  Extractor  
  128  10:10  Extractor  
  128  10:11  Extractor  
  126  10:16  Zergling x2  
  126  10:17  Ultralisk  
  126  10:18  Ultralisk  
  126  10:19  Zergling x2  
  126  10:20  Zergling x24  
  152  10:41  Drone x2  
  152  10:42  Drone  
  155  10:43  Drone x3  
  158  10:59  Nydus Canal  
  158  11:07  Ultralisk x4  
  158  11:08  Zergling x2  
  158  11:09  Zergling x16  
Show
View Real Time Build Order
Export as new Build Order

LaWeedaLoca Zerg - Winner!

Build Orders: Hatch First 

Get SALT Encoding   

  12  0:01  Drone  
  13  0:13  Overlord  
  13  0:17  Drone  
  14  0:31  Drone x2  
  16  0:37  Drone  
  17  0:47  Drone  
  18  0:59  Hatchery  
  18  1:02  Drone  
  18  1:15  Spawning Pool  
  17  1:19  Drone  
  17  1:21  Drone, Extractor  
  18  1:35  Overlord  
  18  1:47  Drone  
  19  2:01  Queen  
  19  2:03  Zergling x4  
  23  2:11  Queen  
  23  2:12  Zergling x4  
  27  2:23  Metabolic Boost  
  27  2:25  Zergling x4  
  29  2:35  Drone x2  
  31  2:49  Drone x2  
  33  2:57  Drone x2  
  35  3:09  Drone  
  35  3:10  Overlord  
  35  3:11  Overlord  
  36  3:28  Overlord x2  
  36  3:31  Drone x5  
  41  3:47  Drone  
  41  3:48  Drone x4  
  46  3:53  Extractor  
  46  3:55  Extractor  
  44  3:57  Extractor  
  43  4:04  Queen x2  
  47  4:11  Hatchery  
  47  4:12  Drone x6  
  52  4:25  Roach Warren  
  52  4:28  Drone  
  52  4:29  Drone x4  
  55  4:50  Overlord  
  55  4:52  Lair  
  55  4:54  Drone x5  
  55  4:55  Overlord x2  
  55  4:56  Overlord  
  60  5:09  Drone, Evolution Chamber x2  
  60  5:10  Drone x4  
  63  5:27  Drone  
  63  5:28  Drone x5  
  69  5:35  Extractor x2  
  67  5:39  Drone x6  
  73  5:44  Zerg Missile Weapons Level 1  
  73  5:45  Zerg Ground Armor Level 1  
  73  5:57  Glial Reconstitution  
  73  5:58  Roach  
  73  5:59  Roach x6  
  73  6:02  Overlord  
  73  6:03  Drone  
  88  6:09  Drone  
  88  6:10  Drone x4  
  93  6:12  Queen  
  95  6:22  Ravager x3  
  95  6:24  Roach x3  
  104  6:34  Roach  
  104  6:36  Overlord x2  
  104  6:37  Overlord x3  
  106  7:02  Roach  
  106  7:03  Roach x8  
  106  7:05  Ravager x3  
  106  7:06  Ravager x5  
  132  7:11  Roach x2  
  132  7:12  Roach x3  
  142  7:24  Roach x2  
  142  7:25  Overlord x3  
  146  7:40  Spore Crawler  
  146  7:41  Spore Crawler, Overseer x2  
  146  7:43  Zerg Missile Weapons Level 2  
  144  7:44  Zerg Ground Armor Level 2  
  144  7:48  Roach x3  
  144  7:49  Roach x6  
  163  7:51  Ravager x3  
  163  7:52  Ravager  
  166  8:13  Hatchery, Overlord x4  
  166  8:17  Roach x2  
  169  8:23  Overlord x2  
  169  8:30  Overlord  
  169  8:31  Roach x2  
  169  8:32  Roach x5  
  183  9:04  Roach  
  183  9:05  Roach x7  
  189  9:40  Ravager x3  
  189  9:41  Ravager x8  
  142  10:41  Roach  
  142  10:42  Roach x8  
  149  10:57  Roach  
  149  10:58  Roach x5  
Show
View Real Time Build Order
Export as new Build Order

Jhyrachy Zerg - Winner!

Build Orders: Hatch First 

Get SALT Encoding   

  12  0:01  Drone  
  13  0:10  Drone  
  14  0:17  Overlord  
  14  0:36  Drone x3  
  17  1:03  Drone  
  18  1:07  Hatchery  
  18  1:08  Extractor  
  18  1:09  Drone  
  17  1:16  Spawning Pool  
  16  1:18  Drone  
  16  1:23  Drone  
  18  1:46  Drone  
  20  1:47  Drone  
  20  2:06  Spine Crawler  
  19  2:12  Spine Crawler  
  19  2:13  Queen  
  21  2:15  Drone x2  
  21  2:17  Overlord  
  21  2:21  Queen  
  24  2:25  Drone  
  25  2:40  Extractor  
  25  2:41  Drone x2  
  26  2:54  Lair  
  26  3:00  Drone x2  
  28  3:10  Drone  
  29  3:17  Drone x3  
  32  3:22  Extractor  
  31  3:29  Drone x5  
  36  3:51  Overlord x2  
  36  3:52  Overlord  
  36  4:03  Spire  
  36  4:08  Extractor  
  35  4:10  Drone x7  
  41  4:18  Queen  
  41  4:19  Drone  
  41  4:20  Drone x3  
  47  4:29  Queen  
  49  4:56  Drone  
  49  4:57  Drone x2  
  52  5:00  Overlord x2  
  52  5:01  Overlord x3  
  52  5:28  Mutalisk  
  52  5:29  Mutalisk x8  
  70  5:45  Zerg Flyer Weapons Level 1  
  70  6:03  Hatchery  
  69  6:09  Mutalisk  
  69  6:10  Mutalisk x4  
  79  6:31  Drone  
  79  6:32  Drone x7  
  87  7:31  Extractor  
  87  7:32  Extractor  
  85  8:01  Drone x3  
  85  8:02  Drone x2  
  90  8:09  Mutalisk  
  90  8:10  Mutalisk x7  
  106  8:15  Zerg Flyer Weapons Level 2  
  106  8:29  Overlord x4  
  106  8:48  Mutalisk x10  
  126  9:24  Hatchery  
Show
View Real Time Build Order
Export as new Build Order

Laura Terran 

Build Orders: Command Center First (CC), Mech 

Get SALT Encoding   

  12  0:02  SCV  
  13  0:26  Supply Depot  
  13  0:27  SCV  
  14  0:39  SCV  
  15  1:07  SCV  
  16  1:11  Refinery  
  16  1:13  Command Center  
  16  1:19  SCV  
  16  1:22  Refinery  
  17  1:31  SCV  
  18  1:39  Barracks  
  18  1:43  SCV  
  19  1:55  SCV  
  20  2:07  SCV  
  21  2:19  Supply Depot, SCV  
  22  2:31  SCV, Factory  
  22  2:36  SCV  
  24  2:43  SCV  
  25  2:49  SCV  
  26  2:52  Supply Depot  
  26  3:01  SCV  
  27  3:13  SCV  
  27  3:17  Factory Tech Lab  
  28  3:21  Factory  
  28  3:25  Orbital Command, SCV  
  28  3:27  Starport  
  29  3:36  Supply Depot  
  29  3:37  SCV  
  29  3:39  Siege Tank  
  33  3:49  SCV  
  34  4:01  SCV  
  34  4:02  SCV  
  36  4:08  Factory Tech Lab  
  36  4:10  Starport Reactor  
  36  4:13  SCV  
  36  4:14  SCV  
  38  4:25  SCV  
  38  4:26  SCV  
  38  4:29  Siege Tank x2, Liberator  
  49  4:55  Liberator  
  49  5:10  Supply Depot  
  52  5:19  Liberator  
  52  5:24  Engineering Bay  
  55  5:44  Refinery x2, Liberator  
  55  5:45  Command Center  
  55  5:49  Supply Depot  
  58  6:07  Liberator  
  58  6:10  SCV  
  59  6:11  Supply Depot  
  59  6:22  SCV  
  63  6:34  SCV  
  64  6:46  SCV  
  65  6:49  Widow Mine x2  
  70  6:54  SCV  
  70  6:58  SCV  
  71  7:06  SCV  
  72  7:18  Widow Mine x2, SCV  
  77  7:35  SCV  
  78  7:37  Armory  
  78  7:40  Factory  
  78  7:43  Factory  
  78  7:46  Widow Mine  
  78  7:48  SCV  
  78  7:49  Missile Turret  
  78  7:50  Missile Turret  
  83  7:52  Missile Turret  
  83  8:00  SCV  
  84  8:12  Factory Reactor, SCV  
  83  8:17  Supply Depot x2  
  83  8:19  Supply Depot  
  83  8:20  Missile Turret  
  83  8:21  Supply Depot  
  83  8:22  Missile Turret  
  83  8:24  SCV  
  84  8:32  Missile Turret  
  84  8:33  Missile Turret  
  84  8:35  Missile Turret  
  84  8:36  SCV  
  84  8:37  Viking x2  
  89  8:42  Factory Reactor x2  
  89  8:44  Drilling Claws  
  89  8:46  Terran Vehicle And Ship Armor Level 1  
  90  8:48  SCV  
  90  8:49  Missile Turret  
  90  9:00  SCV  
  88  9:07  Viking x2  
  92  9:19  Planetary Fortress  
  92  9:34  Planetary Fortress  
  92  9:37  Viking  
  60  10:19  Missile Turret  
  60  10:20  Missile Turret  
  40  10:44  Widow Mine  
  40  10:45  Widow Mine x6  
  48  11:13  Widow Mine x3  
  54  11:30  Missile Turret  
  54  11:35  Missile Turret  
  54  11:36  Missile Turret x2  
  54  11:37  Missile Turret  
Show
View Real Time Build Order
Export as new Build Order

Axonyx Terran 

Build Orders: MMM Bio 

Get SALT Encoding   

  12  0:02  SCV  
  13  0:14  SCV  
  14  0:27  Supply Depot  
  14  0:29  Refinery  
  14  0:32  SCV  
  15  0:48  SCV  
  16  0:59  Barracks  
  16  1:00  SCV  
  17  1:12  SCV  
  17  1:16  Barracks  
  18  1:42  Command Center  
  18  1:49  Barracks Reactor  
  18  2:05  Barracks Tech Lab  
  18  2:11  SCV  
  18  2:12  Factory  
  19  2:23  SCV  
  19  2:25  Refinery  
  20  2:33  Engineering Bay  
  20  2:34  Marine  
  20  2:35  SCV  
  22  2:48  SCV  
  23  2:54  SCV  
  24  3:06  Factory Reactor, SCV  
  24  3:12  Orbital Command  
  25  3:18  SCV  
  26  3:23  Starport  
  26  3:24  Stimpack  
  26  3:27  Marine  
  26  3:30  Marine, SCV  
  29  3:50  Missile Turret  
  29  4:05  Medivac  
  31  4:12  Missile Turret, Supply Depot  
  31  4:14  SCV  
  32  4:26  SCV  
  32  4:29  Missile Turret  
  33  4:33  Missile Turret  
  33  4:40  Widow Mine  
  33  4:42  Widow Mine  
  37  4:50  SCV x2  
  37  4:51  Missile Turret  
  39  4:54  Marine x2  
  39  4:56  Medivac  
  43  5:00  Missile Turret  
  43  5:01  Marauder  
  45  5:10  Terran Infantry Weapons Level 1  
  45  5:13  Missile Turret  
  45  5:19  Supply Depot  
  45  5:20  Missile Turret  
  45  5:29  Marine  
  45  5:31  Armory  
  46  5:40  Widow Mine x2  
  46  5:41  Marauder, SCV x2  
  46  5:42  Refinery  
  54  5:44  Refinery  
  54  5:52  Starport Reactor  
  54  6:10  Widow Mine x2, Marine  
  54  6:11  SCV x2  
  61  6:19  Supply Depot  
  61  6:23  SCV  
  62  6:41  SCV  
  63  6:53  SCV  
  64  7:04  Terran Infantry Armor Level 1  
  60  7:19  Marine x3  
  63  7:29  Liberator  
  63  7:35  Liberator  
  63  7:36  Marine  
  64  7:37  Marine x2  
  69  7:54  Marine  
  69  7:55  Marine x2  
  75  7:58  Supply Depot  
  73  8:12  Marine x3  
  76  8:24  Factory Tech Lab  
  76  8:27  Barracks  
  76  8:29  Concussive Shells  
  76  8:30  Marine  
  76  8:33  Terran Vehicle Weapons Level 1  
  77  8:35  Marine x2  
  79  8:44  Thor  
  85  8:53  Marine  
  86  8:58  Terran Infantry Weapons Level 2  
  86  9:11  Combat Shields  
  86  10:16  Supply Depot  
  86  10:17  Marauder, Marine x2, Medivac x2  
  94  10:27  Marine x2  
  92  10:35  Marine x2  
  71  10:39  Marauder  
  65  10:44  Marine x2  
  65  10:52  Marine x2  
  67  11:00  Marauder  
  67  11:02  Marine x2  
  71  11:10  Marine x2  
  55  11:20  Marine x2  
  55  11:21  Marine  
  52  11:28  Marine x2  
  54  11:38  Marine x2  
  54  11:39  Marine  
Show
View Real Time Build Order
Export as new Build Order

Terratec Terran 

Build Orders:  

Get SALT Encoding   

  12  0:02  SCV  
  13  0:16  Supply Depot  
  13  0:38  Supply Depot  
  13  0:40  Barracks  
  13  0:50  Refinery, SCV  
  14  1:27  Command Center  
  14  1:32  Marine  
  15  1:38  SCV  
  16  1:50  Marine, SCV  
  18  2:02  SCV  
  19  2:14  Bunker  
  19  2:17  SCV  
  19  2:19  Barracks Reactor  
  20  2:29  SCV  
  21  2:33  Factory  
  22  2:51  SCV  
  22  2:52  Refinery  
  22  2:56  SCV  
  23  3:02  Marine  
  23  3:03  Marine, SCV  
  26  3:08  SCV  
  27  3:20  SCV  
  28  3:28  Engineering Bay  
  28  3:35  Factory Tech Lab  
  28  3:39  Factory  
  28  3:51  Starport  
  28  3:58  Widow Mine  
  30  4:06  Orbital Command  
  30  4:10  Missile Turret  
  30  4:11  SCV  
  30  4:15  Missile Turret  
  31  4:23  SCV  
  32  4:25  Factory Tech Lab  
  34  4:48  Liberator  
  32  4:54  Armory  
  35  5:08  SCV  
  35  5:12  Refinery  
  36  5:14  Refinery  
  36  5:20  SCV  
  37  5:27  Supply Depot  
  37  5:32  SCV  
  37  5:34  Missile Turret  
  38  5:43  Missile Turret  
  38  5:44  SCV  
  38  5:45  Terran Vehicle And Ship Armor Level 1  
  39  5:52  Thor  
  39  5:55  Thor  
  39  5:57  SCV  
  52  6:09  Starport Reactor  
  52  6:16  Supply Depot x2  
  52  6:24  SCV  
  53  6:36  SCV  
  54  6:48  SCV  
  55  6:54  Barracks  
  55  6:58  Barracks  
  55  7:01  SCV  
  56  7:04  Factory Tech Lab  
  56  7:12  Barracks  
  56  7:13  SCV  
  57  7:24  Marine x2  
  57  7:28  Thor  
  65  7:31  Terran Infantry Armor Level 1  
  65  7:36  Orbital Command  
  65  7:39  Terran Ship Weapons Level 1  
  65  7:41  Marine  
  65  7:42  Marine  
  67  7:44  Supply Depot  
  67  7:45  Supply Depot  
  67  7:47  Supply Depot  
  67  7:48  Supply Depot  
  67  7:51  Combat Shields  
  67  7:54  Marine  
  68  7:59  Marine x2  
  70  8:06  Thor, SCV  
  70  8:12  Marine  
  78  8:15  Supply Depot  
  78  8:17  Marine x2  
  78  8:18  SCV, Supply Depot  
  81  8:23  Supply Depot  
  81  8:26  Thor  
  87  8:32  Marine x2  
  87  8:33  Marine  
  90  8:35  Marine x2  
  92  8:50  Marine  
  92  8:55  Thor  
  99  8:57  Marine x4  
  99  8:58  Starport Reactor  
  101  9:08  Marine  
  102  9:10  Stimpack  
  102  9:15  Marine x4  
  106  9:26  Terran Infantry Weapons Level 1  
  106  9:50  Supply Depot  
  51  10:33  Thor x2  
  51  10:35  Marine x2  
  59  10:40  Marine x3  
  61  10:52  Marine  
  61  10:53  Marine  
  63  10:57  Marine  
  63  10:58  Missile Turret, Marine x2  
  63  11:02  Missile Turret  
  66  11:10  Marine x2  
  68  11:15  Marine x2  
  71  11:28  Marine  
  71  11:32  Marine  
Tags
 
Add a new tag
Caveats
  • Supply blocks, unpowered buildings, or Contaminate may cause inaccurate times.
  • Supply counts are checked every 10 seconds.